 Dungeon Sprint DCSS version 0.29-a0-838-g385bb11a5b (webtiles) character file.

Game seed: 1806504000054480972

1283 purpskrrrp the Prestidigitator (level 8, -2/60 HPs)
             Began as a Formicid Artificer on July 13, 2022.
             Was an Initiate of Gozag.
             Shot with an arrow by a centaur warrior (7 damage)
             ... in the Dungeon (Sprint IX: "|||||||||||||||||||||||||||||").
             The game lasted 00:06:34 (622 turns).

purpskrrrp the Prestidigitator (Formicid Artificer)  Turns: 622, Time: 00:06:35

Health: -2/60      AC: 10    Str: 20    XL:     8   Next: 85%
Magic:  8/8        EV: 11    Int: 10    God:    Gozag
Gold:   216        SH:  0    Dex: 14    Spells: 7/7 levels left

rFire   . . .      SeeInvis +   l - +2 dire flail (vorpal)
rCold   . . .      Faith    .   (no shield)
rNeg    . . .      Spirit   .   o - +1 scale mail {Will+}
rPois   .          Reflect  .   (helmet unavailable)
rElec   .          Harm     .   m - +0 cloak
rCorr   .          Rampage  .   (no gloves)
Will    +....                   (no boots)
Stlth   ++........              (no amulet)
HPRegen 0.20/turn               (no ring)
MPRegen 0.11/turn               (no ring)

@: gold aura
A: permanent stasis, dig shafts and tunnels, antennae 3, four strong arms
a: Dig, Renounce Religion, Potion Petition, Call Merchant, Bribe Branch


You were in the Dungeon.
You worshipped Gozag.
Gozag was aware of your devotion.
You visited 1 branch You collected 216 gold pieces.

Inventory:

Hand Weapons
 a - a +0 club
 l - a +2 vorpal dire flail (weapon)
Armour
 b - a +0 leather armour
 m - a +0 cloak (worn)
 n - a +0 helmet
 o - a +1 scale mail of willpower (worn)
Jewellery
 p - a +3 ring of intelligence
 q - a +3 ring of dexterity
Wands
 c - a wand of flame (11)
 d - a wand of charming (6) (quivered)
 e - a wand of iceblast (9)
 k - a wand of acid (7)
Scrolls
 j - 2 scrolls of amnesia
Potions
 f - a potion of invisibility
 g - 2 potions of heal wounds
 h - 4 potions of magic
 i - 4 potions of curing


   Skills:
 + Level 4.0 Fighting
 * Level 6.4 Maces & Flails
 * Level 8.2 Armour
 + Level 3.9 Dodging
 * Level 8.1 Stealth
 * Level 14.6 Evocations


You had 7 spell levels left.
You didn't know any spells.
Your spell library was empty.

Dungeon Overview and Level Annotations

Branches:
Dungeon (1/1)

Altars:
Cheibriados
Dithmenos
Elyvilon
Fedhas
Gozag
Hepliaklqana
Kikubaaqudgha
Makhleb
Nemelex Xobeh
Okawaru
Qazlal
Ru
Sif Muna
Trog
Uskayaw
Vehumet
Wu Jian
Xom
Yredelemnul
Zin
The Shining One
Jiyva
Lugonu


Innate Abilities, Weirdness & Mutations

You cannot be hasted, slowed, berserked, paralysed or teleported.
You can dig through walls and to a lower floor.
You have a pair of large antennae on your head. (SInv)
Your four strong arms can wield two-handed weapons with a shield.


Message History

The arrow closely misses your shadow. The arrow hits you!
The vampire casts a spell.
The vampire flickers and vanishes for a moment.
You swap places.
The centaur warrior shoots an arrow.
The arrow hits you!
* * * LOW HITPOINT WARNING * * *
The deep elf pyromancer mumbles some strange words.
The deep elf pyromancer blinks!
You puncture the centaur warrior!
The centaur warrior is moderately wounded.
The centaur warrior unwields a +0 longbow.
The centaur warrior hits you but does no damage.
The centaur warrior kicks you.
* * * LOW HITPOINT WARNING * * *
The deep elf pyromancer gestures wildly while chanting.
The deep elf pyromancer blinks!
You swap places.
The centaur warrior wields a +0 longbow.
The centaur warrior shoots an arrow.
The arrow hits your shadow!
Your shadow is destroyed!
Aiming: Charm
Press: ? - help, Q - select action, (/) - cycle Shift-Dir - straight line, f - centaur warrior
Aim: a centaur warrior, wielding a +0 longbow (moderately wounded, chance to affect: 62%)
The centaur warrior is charmed.
The centaur warrior wields a +0 shortbow.
The centaur warrior shoots an arrow.
The arrow hits your centaur warrior!!
The centaur warrior shoots an arrow.
The arrow hits your centaur warrior!
Your centaur warrior dies!
The centaur warrior shoots an arrow.
The arrow hits you.
* * * LOW HITPOINT WARNING * * *
Your Fighting skill increases to level 4!
Your Armour skill increases to level 8!
Your Stealth skill increases to level 8!
Aiming: Charm
Press: ? - help, Q - select action, (/) - cycle Shift-Dir - straight line, f - centaur warrior
Aim: a centaur warrior, wielding a +0 shortbow (chance to affect: 62%)
The centaur warrior resists with significant effort.
The slime creature is distracted by your dazzling golden aura.
The centaur warrior shoots an arrow.
The arrow hits you!
You die...
Your body crumbles into a pile of gold. $$$$$ $ $ $ $$$$$ $ ${{{{{{{{ { ▓▓▓▓▓▓▓▓▓▓▓▓▓▓▓▓▓▓▓▓▓▓▓▓▓ .JeHVc'$@...$$......)?.'_ ▓▓▓▓▓▓▓▓▓▓▓▓▓▓▓▓▓▓▓▓▓▓▓▓▓

You could see a slime creature (unaware), a centaur warrior, a manticore, a deep elf pyromancer and a vampire (invisible).

Vanquished Creatures
  A two-headed ogre (D)
  A wraith (D)
  A vampire mosquito (D)
  An acid dragon (D)
  A centaur (D)
  A hound (D)
  An adder (D)
  2 dart slugs (D)
  2 hobgoblins (D)
  A ball python (D)
12 creatures vanquished.

Vanquished Creatures (collateral kills)
  A hound (D)
1 creature vanquished.

Vanquished Creatures (others)
  A centaur warrior (D)
  A shadow (D)
  A hound (D)
  An iguana (D)
4 creatures vanquished.

Grand Total: 17 creatures vanquished

Notes
Turn   | Place    | Note
-------+----------+-------------------------------------------
     0 | D        | purpskrrrp the Formicid Artificer began the quest for the
                  | Orb.
     0 | D        | Reached XP level 1. HP: 15/15 MP: 1/1
     8 | D        | Reached skill level 4 in Evocations
    22 | D        | Reached XP level 2. HP: 13/21 MP: 2/2
    30 | D        | Reached skill level 5 in Evocations
   244 | D        | Reached skill level 1 in Maces & Flails
   244 | D        | Reached skill level 1 in Dodging
   255 | D        | Reached skill level 6 in Evocations
   255 | D        | Reached XP level 3. HP: 10/26 MP: 3/3
   255 | D        | Reached XP level 4. HP: 13/32 MP: 4/4
   263 | D        | Reached skill level 7 in Evocations
   269 | D        | Found a snail-covered altar of Cheibriados.
   269 | D        | Found a shadowy altar of Dithmenos.
   269 | D        | Found a white marble altar of Elyvilon.
   269 | D        | Found a blossoming altar of Fedhas.
   269 | D        | Found an opulent altar of Gozag.
   270 | D        | Found a hazy altar of Hepliaklqana.
   271 | D        | Found a viscous altar of Jiyva.
   272 | D        | Found an ancient bone altar of Kikubaaqudgha.
   273 | D        | Found a corrupted altar of Lugonu.
   274 | D        | Found a burning altar of Makhleb.
   275 | D        | Found a sparkling altar of Nemelex Xobeh.
   276 | D        | Found an iron altar of Okawaru.
   277 | D        | Found a stormy altar of Qazlal.
   278 | D        | Found a sacrificial altar of Ru.
   279 | D        | Found a shimmering blue altar of Sif Muna.
   280 | D        | Found a bloodstained altar of Trog.
   507 | D        | Became a worshipper of Gozag Ym Sagoz the Greedy
   512 | D        | Found a hide-covered altar of Uskayaw.
   513 | D        | Found a radiant altar of Vehumet.
   514 | D        | Found an ornate altar of the Wu Jian Council.
   515 | D        | Found a shimmering altar of Xom.
   516 | D        | Found a basalt altar of Yredelemnul.
   517 | D        | Found a glowing silver altar of Zin.
   518 | D        | Found a glowing golden altar of the Shining One.
   563 | D        | Noticed a shadow
   563 | D        | Noticed an acid dragon
   563 | D        | Noticed a wraith
   563 | D        | Noticed a two-headed ogre
   563 | D        | Noticed a centaur
   563 | D        | Noticed a vampire mosquito
   565 | D        | Killed a centaur
   565 | D        | Killed a wraith
   566 | D        | Reached skill level 5 in Armour
   566 | D        | Reached skill level 5 in Stealth
   566 | D        | Reached skill level 10 in Evocations
   566 | D        | Reached XP level 5. HP: 23/39 MP: 5/5
   566 | D        | Reached XP level 6. HP: 27/46 MP: 6/6
   566 | D        | Killed a vampire mosquito
   566 | D        | Killed a two-headed ogre
   567 | D        | Reached skill level 5 in Maces & Flails
   567 | D        | Reached skill level 14 in Evocations
   567 | D        | Reached XP level 7. HP: 32/53 MP: 7/7
   567 | D        | Reached XP level 8. HP: 36/60 MP: 8/8
   613 | D        | Noticed a slime creature
   613 | D        | Noticed a deep elf pyromancer
   613 | D        | Noticed a manticore
   613 | D        | Noticed a vampire
   613 | D        | Noticed a centaur warrior
   613 | D        | Noticed a centaur warrior
   615 | D        | HP: 2/60 [centaur warrior/arrow (13)]
   622 | D        | Shot with an arrow by a centaur warrior

Illustrated notes

Levels and vault maps discovered:
D:        linesprint [early_d, line_temple, items_1, d_10, items_2, lair_1,
          lair_end, items_3, orc_1, orc_end, items_4, d_15, swamp_1, shoals_1,
          snake_1, spider_1, d_20, vaults_1, items_5, swamp_end, shoals_end,
          snake_end, spider_end, vaults_end, d_27, items_6, zot_1, zot_end,
          crypt_end, forest_end, elf_end, slime_end, tomb_end, abyss_end,
          pan_hell_end]

Skill      XL: |  1  2  3  4  5  6  7  8 |
---------------+-------------------------+-----
Evocations     | 4 6 10 14 | 14.6
Maces & Flails | 1 4 5 6 |  6.4
Armour         | 3 5 7 8 |  8.2
Dodging        | 1 2 3 |  3.9
Stealth        | 3 5 7 8 |  8.1
Fighting       | 2 3 4 |  4.0

Action                   |  1- 3 |  4- 6 |  7- 9 || total
-------------------------+-------+-------+-------++-------
Melee: Club              |    32 |     1 |       ||    33
       Punch             |     1 |       |       ||     1
       Dire flail        |       |       |     6 ||     6
Evoke: Wand              |     4 |     7 |     5 ||    16
  Use: Potion            |     1 |       |     1 ||     2
Armor: Leather armour    |     5 |     1 |       ||     6
       Scale mail        |       |       |     5 ||     5
Dodge: Dodged            |    19 |     1 |     4 ||    24

Table legend: (Time is in decaauts)
 A = Elapsed time spent in this place.
 B = Non-inter-level travel time spent in this place.
 C = Inter-level travel time spent in this place.
 D = Time resting spent in this place.
 E = Time spent auto-exploring this place.
 F = Levels seen in this place.
 G = Mean time per level.
                   A        B        C        D        E       F      G
               +--------+--------+--------+--------+--------+-----+--------+
         Total |    630 |    630 |      0 |    408 |     29 |   1 |  630.0 |
       Dungeon |    630 |    630 |      0 |    408 |     29 |   1 |  630.0 |
               +--------+--------+--------+--------+--------+-----+--------+

Top non-repeatable levels by time:
       D: 630 daAuts
